 Dungeon Crawl Stone Soup version 0.28-b1-25-g9875b3fc8c (webtiles) character file.

Game seed: 14557723703654819832

2223 mopl the Conjurer (level 9, -6/62 HPs)
             Began as a Pale Draconian Fire Elementalist on Feb 5, 2022.
             Mangled by a two-headed ogre (25 damage)
             ... on level 6 of the Dungeon.
             The game lasted 00:13:39 (5246 turns).

mopl the Conjurer (DrFE)                            Turns: 5246, Time: 00:13:40

Health: -6/62      AC: 10    Str: 10      XL:     9   Next: 13%
Magic:  0/18       EV: 12    Int: 16 (21) God:
Gold:   380        SH:  0    Dex: 11      Spells: 11/21 levels left

rFire   . . .      SeeInvis .   b - +4 dagger
rCold   . . .      Faith    .   h - orb {*channel}
rNeg    . . .      Spirit   .   (armour unavailable)
rPois   .          Reflect  .   (helmet restricted)
rElec   .          Harm     .   l - +0 cloak
rCorr   .          Rampage  .   C - +0 pair of gloves
Will    .....                   w - +0 pair of boots
Stlth   ++........              (no amulet)
HPRegen 0.20/turn               (no ring)
MPRegen 0.16/turn               (no ring)

@: no status effects
A: breathe steam, AC +7, unfitting armour, cold-blooded, steam resistance
a: Breathe Steam


You were on level 6 of the Dungeon.
You visited 1 branch of the dungeon, and saw 6 of its levels.

You collected 380 gold pieces.

Inventory:

Hand Weapons
 b - a +4 dagger (weapon)
 p - a +1 hand axe of flaming
Missiles
 c - 4 poisoned darts
 k - 5 boomerangs
 x - a throwing net
 B - 5 javelins
Armour
 h - an orb of energy (worn)
 j - a +0 buckler
 l - a +0 cloak (worn)
 w - a +0 pair of boots (worn)
 C - a +0 pair of gloves (worn)
Jewellery
 a - a +6 ring of strength
Wands
 q - a wand of mindburst (8)
 v - a wand of flame (15)
 y - a wand of acid (14)
Scrolls
 g - 2 scrolls of enchant armour {unknown}
 s - 3 scrolls of fog {unknown}
 t - a scroll of magic mapping {unknown}
 u - a scroll of enchant weapon {unknown}
 A - a scroll of vulnerability {unknown}
 D - a scroll of blinking {unknown}
 E - a scroll of fear {unknown}
 G - a scroll of summoning {unknown}
Potions
 d - a potion of flight
 f - 2 potions of attraction {unknown}
 i - 2 potions of mutation {unknown}
 m - 2 potions of brilliance {unknown}
 n - 2 potions of heal wounds {unknown}
 o - a potion of lignification {unknown}
 r - 2 potions of magic {unknown}
 z - a potion of haste
 F - a potion of might
 H - a potion of curing


   Skills:
 - Level 1.7 Dodging
 - Level 1.7 Stealth
 * Level 6.6 Spellcasting
 * Level 7.0 Conjurations
 + Level 1.3 Hexes
 * Level 6.3 Fire Magic
 + Level 4.9 Evocations


You had 11 spell levels left.
You knew the following spells:

 Your Spells              Type           Power      Damage    Failure   Level
a - Foxfire               Conj/Fire      100%       2x1d9     1%          1
b - Scorch                Fire           50%        2d8       1%          2
d - Flame Wave            Conj/Fire      26%        2d7       9%          4
h - Inner Flame           Hex/Fire       17%        N/A       8%          3

Your spell library contained the following spells:

 Spells                   Type           Power      Damage    Failure   Level
 Conjure Flame            Conj/Fire      26%        6-21      2%          3
 Apportation              Tloc           10%        N/A       13%         1
 Beastly Appendage        Tmut           10%        N/A       13%         1
 Wereblood                Tmut           5%         N/A       21%         2
 Spider Form              Tmut/Pois      5%         N/A       36%         3
 Alistair's Intoxication  Tmut/Pois      3%         N/A       98%         5


Dungeon Overview and Level Annotations

Branches:
Dungeon (6/15)
 Temple: D:4-7

Altars:

Shops:
D:6 *


Innate Abilities, Weirdness & Mutations

You can breathe blasts of scalding, opaque steam.
Your pale cyan-grey scales are hard. (AC +7)
You cannot fit into any form of body armour.
You are cold-blooded and may be slowed by cold attacks.
You are immune to the effects of steam.


Message History

Confirm with . or Enter, or press ? or * to list all spells.
Flames lash the two-headed ogre.
The two-headed ogre is heavily wounded.
The two-headed ogre's fire resistance burns away.
Unknown command.
Unknown command.
Casting: Scorch (safe; 1% risk of failure)
Confirm with . or Enter, or press ? or * to list all spells.
Flames lash the two-headed ogre.
The two-headed ogre is burned terribly!
The two-headed ogre is heavily wounded.
The two-headed ogre closely misses you.
The two-headed ogre hits you with a +0 giant club!
Unknown command.
Casting: Scorch (safe; 1% risk of failure)
Confirm with . or Enter, or press ? or * to list all spells.
Flames lash the two-headed ogre.
The two-headed ogre is burned terribly!
The two-headed ogre is severely wounded.
Unknown command.
Casting: Scorch (safe; 1% risk of failure)
Confirm with . or Enter, or press ? or * to list all spells.
Flames lash the two-headed ogre.
The two-headed ogre is burned terribly!
The two-headed ogre is severely wounded.
The two-headed ogre hits you with a +0 giant spiked club.
The two-headed ogre barely misses you.
Unknown command.
Casting: Scorch (safe; 1% risk of failure)
Confirm with . or Enter, or press ? or * to list all spells.
Flames lash the two-headed ogre.
The two-headed ogre is burned terribly!
The two-headed ogre is almost dead.
The two-headed ogre hits you with a +0 giant spiked club.
The two-headed ogre hits you with a +0 giant club!!
* * * LOW HITPOINT WARNING * * *
Your magical contamination has completely faded away.
You have got your breath back.
Casting: Scorch (safe; 1% risk of failure)
Confirm with . or Enter, or press ? or * to list all spells.
Flames lash the two-headed ogre.
The two-headed ogre is burned terribly!
The two-headed ogre is almost dead.
The two-headed ogre hits you with a +0 giant spiked club!!
You die...

).....#..#...#....#..#...........
##..###..##..#....'..+...........
.#..###..###'#....#.##...........
.+.......#......###.###+#########
.#.......#......+ ..#....#......#
.#.......'......# ..#... #......#
.#########......######.# #..###.#
## #..#..........##.###..###.#
...#.........@O..'.........#..
....'.............#.........#..
....#.##'#######..#..##.....#..
... #.#........#..#..# ....#.. #
# #........#..#..# ..#..
#........#..#..##########
#........#..#'###....##..
#........#......#........
#........#......#........


You could see a two-headed ogre (combustible).

Vanquished Creatures
  Sigmund (D:3)
  4 yaks (D:5)
  Menkaure (D:6)
  A water moccasin (D:6)
  An ice beast (D:6)
  A black bear (D:6)
  3 ogres
  A centaur (D:6)
  3 scorpions
  A water moccasin zombie (D:5)
  A water moccasin skeleton (D:4)
  2 orc priests (D:4)
  A hound (D:4)
  Ijyb (D:5)
  An iguana (D:4)
  3 orc wizards
  A howler monkey zombie (D:6)
  8 gnolls
  6 adders
  A shadow imp (D:5)
  2 ufetubi
  An adder skeleton (D:4)
  3 worms
  2 dart slugs
  21 orcs
  3 bats (D:3)
  6 endoplasms
  3 giant cockroaches
  5 goblins
  6 hobgoblins
  4 jackals
  6 quokkas
  2 ball pythons
  4 frilled lizards
  8 kobolds
  4 rats
122 creatures vanquished.

Vanquished Creatures (others)
  97 foxfires
97 creatures vanquished.

Grand Total: 219 creatures vanquished

Notes
Turn   | Place    | Note
-------+----------+-------------------------------------------
     0 | D:1      | mopl the Draconian Fire Elementalist began the quest for
                  | the Orb.
     0 | D:1      | Reached XP level 1. HP: 14/14 MP: 3/3
   144 | D:1      | Reached XP level 2. HP: 20/20 MP: 0/5
   147 | D:1      | Learned a level 2 spell: Scorch
   342 | D:1      | Reached skill level 2 in Conjurations
   522 | D:1      | Reached XP level 3. HP: 26/26 MP: 0/7
   931 | D:2      | Found a faded altar of an unknown god.
   982 | D:2      | Reached skill level 3 in Spellcasting
  1177 | D:3      | Reached XP level 4. HP: 25/33 MP: 2/8
  1309 | D:3      | Reached skill level 3 in Conjurations
  1501 | D:3      | Learned a level 4 spell: Flame Wave
  1772 | D:3      | Reached XP level 5. HP: 35/38 MP: 1/10
  1907 | D:3      | Noticed Sigmund
  1912 | D:3      | Killed Sigmund
  1913 | D:3      | Reached skill level 4 in Spellcasting
  1913 | D:3      | Reached skill level 4 in Conjurations
  1913 | D:3      | Reached skill level 1 in Evocations
  1913 | D:3      | Reached XP level 6. HP: 21/45 MP: 0/12
  2888 | D:4      | Reached skill level 2 in Evocations
  3075 | D:4      | Your scales start taking on a pale cyan-grey colour.
  3075 | D:4      | Reached skill level 3 in Evocations
  3075 | D:4      | Reached XP level 7. HP: 35/50 MP: 2/14
  3075 | D:4      | Gained mutation: You are immune to the effects of steam.
                  | [Pale Draconian growth]
  3215 | D:4      | Reached skill level 5 in Conjurations
  3276 | D:4      | Reached skill level 5 in Spellcasting
  3646 | D:5      | Entered Level 5 of the Dungeon
  3691 | D:5      | Reached skill level 4 in Fire Magic
  4046 | D:5      | Noticed a yak
  4047 | D:5      | Noticed a yak
  4047 | D:5      | Noticed a yak
  4065 | D:5      | Killed a yak
  4066 | D:5      | Killed a yak
  4067 | D:5      | Reached XP level 8. HP: 57/57 MP: 8/16
  4092 | D:5      | Reached skill level 4 in Evocations
  4093 | D:5      | Reached skill level 6 in Conjurations
  4093 | D:5      | Reached skill level 5 in Fire Magic
  4246 | D:5      | Reached skill level 6 in Spellcasting
  4398 | D:5      | Noticed Ijyb
  4401 | D:5      | Killed Ijyb
  4412 | D:5      | Learned a level 3 spell: Inner Flame
  4916 | D:6      | Noticed a two-headed ogre
  4962 | D:6      | Noticed Menkaure
  4974 | D:6      | Reached skill level 1 in Hexes
  4974 | D:6      | Reached skill level 6 in Fire Magic
  4975 | D:6      | Killed Menkaure
  4976 | D:6      | Reached XP level 9. HP: 62/62 MP: 12/18
  5064 | D:6      | Found Baddot's Gadget Gallery.
  5212 | D:6      | Reached skill level 7 in Conjurations
  5246 | D:6      | Mangled by a two-headed ogre

Illustrated notes

Levels and vault maps discovered:
D:1:      minmay_arrival_stone_box, layout_basic, hex_tiny, minmay_misc_feat_iff
D:2:      layout_rooms, hellmonk_ecumenical_altar_zigzags, minmay_tetromino_i2
D:3:      layout_loops_ring, uniq_sigmund
D:4:      layout_gridville
D:5:      layout_basic, uniq_ijyb
D:6:      layout_gridville, minivault_25, nicolae_shop_gadgets, uniq_menkaure

Skill      XL: |  1  2  3  4  5  6  7  8  9 |
---------------+----------------------------+-----
Conjurations   | 2 3 4 5 6 7 |  7.0
Spellcasting   | 3 4 5 6 |  6.6
Evocations     | 1 3 4 |  4.9
Fire Magic     | 4 6 |  6.3
Hexes          | 1 |  1.3
Dodging        | |  1.7
Stealth        | |  1.7

Action                   |  1- 3 |  4- 6 |  7- 9 || total
-------------------------+-------+-------+-------++-------
Melee: Dagger            |       |    81 |    86 ||   167
       Tailslap          |       |     6 |    13 ||    19
       Unarmed           |       |     1 |       ||     1
 Cast: Foxfire           |    40 |     9 |    11 ||    60
       Scorch            |    15 |    33 |    49 ||    97
       Flame Wave        |       |       |     1 ||     1
 Abil: Breathe Steam     |       |       |    12 ||    12
  Use: Scroll            |       |     1 |     4 ||     5
 Stab: Sleeping          |       |     3 |     2 ||     5
Armor: Skin              |    10 |    44 |    47 ||   101
Dodge: Dodged            |    25 |    84 |    63 ||   172
